Map: Orbital Shipyard

Players

AbBaDon - Winner!

  • Race: Terran Terran
  • League: Grandmaster

Miszu

  • Race: Terran Terran
  • League: Grandmaster

VOD

Have the link to the VOD?

Description

Time

  • Played on: Feb. 7, 2016, 4 p.m.
  • Length: 3:33
Show
View Real Time Build Order
Export as new Build Order

AbBaDon Terran - Winner!

Build Orders:  

Get SALT Encoding   

  12  0:01  SCV  
  13  0:13  SCV  
  14  0:17  Supply Depot  
  14  0:25  SCV  
  14  0:27  Refinery  
  15  0:39  SCV  
  16  0:44  Barracks  
  16  0:51  SCV  
  17  1:01  Refinery  
  17  1:03  SCV  
  18  1:15  SCV  
  19  1:31  Orbital Command  
  19  1:32  Reaper  
  20  1:37  Factory  
  20  1:43  Supply Depot  
  20  2:04  Reaper  
  21  2:09  Bunker  
  21  2:13  SCV  
  22  2:26  Widow Mine  
  23  2:33  Starport  
  23  2:36  Reaper  
  21  2:39  SCV  
  21  2:51  SCV  
  20  3:03  SCV  
  19  3:15  SCV  
  24  3:32  Supply Depot  
Show
View Real Time Build Order
Export as new Build Order

Miszu Terran 

Build Orders:  

Get SALT Encoding   

  12  0:01  SCV  
  13  0:13  SCV  
  14  0:19  Supply Depot  
  14  0:25  SCV  
  15  0:31  Refinery  
  15  0:45  Barracks  
  15  1:00  Barracks  
  15  1:05  SCV  
  16  1:33  Barracks Tech Lab, Orbital Command  
  16  1:47  Barracks Tech Lab  
  16  1:52  Marauder, Concussive Shells  
  16  1:54  Bunker  
  18  2:03  SCV  
  18  2:08  Marauder  
  21  2:13  Marauder  
  23  2:20  Bunker  
  22  2:33  SCV  
  23  3:01  Supply Depot  
  23  3:02  Marauder  
  23  3:10  Bunker  
  23  3:19  SCV  
  23  3:24  Supply Depot  
Tags
 
Add a new tag
Caveats
  • Supply blocks, unpowered buildings, or Contaminate may cause inaccurate times.
  • Supply counts are checked every 10 seconds.